cohdb
Replays
Latest Replays
All Replays
Popular Replays
Top Player Replays
Match Explorer
How It Works
Community
CoH3 Stats
Reddit
Sign in to upload your games and track your stats! →
Sign in with Steam
Match 30827462
Unlisted
Match 30827462
Overview
Messages
Build Orders
End
Panzergrenadier Squad
250 Light Carrier
Panzergrenadier Squad
Construct Light Support Kompanie
MG34 Team
2.5-tonne Medical Truck
Fire Support Elements
Selects Armored Support Battlegroup
Selects Veteran Gunners
le.IG 18 Mechanized Group
2.5-tonne Medical Truck
Flakvierling Half-track
Pak 38 Anti-tank Gun Team
Selects Salvage Kits
Selects Panzer Storm
Assault Grenadier Squad
Construct Panzerarmee Kommand
Veteran Squad Leaders
Panzer III L Medium Tank
Vehicle Survival Package
Selects Stuka Anti-tank Loiter
Emergency Repair Kits
Walking Stuka Rocket Launcher
Panzerpioneer Squad
crywo1f
MARSOF#456
WWWWWWWW
subbbb
HelloFriends :D
Get over yourself
matrix4x4
帝国VD
0
0
Comments
sign in to comment!
No comments posted yet!